 Dungeon Crawl Stone Soup version 0.23.2-1-ga50397a (webtiles) character file.

Game seed: 16989241015600623925

892 Kairos the Chopper (level 7, -2/63 HPs)
             Began as a Deep Dwarf Fighter on Apr 24, 2019.
             Slain by an unseen horror (5 damage)
             ... on level 5 of the Dungeon.
             The game lasted 00:06:38 (3280 turns).

Kairos the Chopper (Deep Dwarf Fighter)             Turns: 3280, Time: 00:06:39

Health: -2/63      AC: 13    Str: 22    XL:     7   Next: 78%
Magic:  6/6        EV:  4    Int: 11    God:
Gold:   177        SH: 16    Dex: 16    Spells: 6/6 levels left

rFire    . . .     SeeInvis .   a - +0 war axe
rCold    . . .     Gourm    .   k - +0 large shield
rNeg     . . .     Faith    .   c - +0 chain mail
rPois    .         Spirit   .   (no helmet)
rElec    .         Reflect  .   v - +1 cloak
rCorr    .         Harm     .   g - +0 pair of gloves
MR       +....                  (no boots)
Stlth    ..........             (no amulet)
HPRegen  0.00/turn              l - +3 ring of intelligence
MPRegen  0.10/turn              b - +4 ring of dexterity

@: very slightly contaminated, non-regenerating, hasted, very quick
A: damage resistance, heal wounds, sense surroundings 1, no regeneration
a: Heal Wounds


You were on level 5 of the Dungeon.
You were not hungry.

You visited 1 branch of the dungeon, and saw 5 of its levels.

You collected 177 gold pieces.

Inventory:

Hand Weapons
 a - a +0 war axe (weapon)
Armour
 c - a +0 chain mail (worn)
 g - a +0 pair of gloves (worn)
 k - a +0 large shield (worn)
 v - a +1 cloak (worn)
Jewellery
 b - a +4 ring of dexterity (right hand)
 l - a +3 ring of intelligence (left hand)
 q - an uncursed ring of fire
 z - an uncursed ring of fire
Scrolls
 e - 2 scrolls of immolation
 i - 3 scrolls of remove curse
 m - 2 scrolls of teleportation
Potions
 d - a potion of might
 h - 3 potions of curing
 o - 3 potions of agility
 p - a potion of brilliance {unknown}
 r - 3 potions of flight
 s - a potion of heal wounds
 x - 2 potions of haste
Comestibles
 f - 8 rations


   Skills:
 + Level 3.6 Fighting
 + Level 6.8 Axes
 + Level 5.2 Armour
 + Level 1.0 Dodging
 + Level 0.6 Stealth
 + Level 5.8 Shields


You had 6 spell levels left.
You didn't know any spells.
Your spell library was empty.

Dungeon Overview and Level Annotations

Branches:
Dungeon (5/15)
 Temple: D:4-7

Altars:
Vehumet
Wu Jian


Innate Abilities, Weirdness & Mutations

You are resistant to damage.
You can heal yourself by infusing magical energy.
You passively map a small area around you.
You do not regenerate.


Message History

Okay, then.
Something hits you.
Things that are here:
4 tomahawks; 2 javelins Something hits you but does no damage.
Things that are here:
a tomahawk; 2 javelins You closely miss something.
Something hits you. You block something's attack.
You miss something. Something hits you but does no damage. Something hits you!
* * * LOW HITPOINT WARNING * * *
You hit something but do no damage. Something hits you but does no damage.
Something hits you but does no damage. Something hits you!
* * * LOW HITPOINT WARNING * * *
You hit something but do no damage. Something hits you.
* * * LOW HITPOINT WARNING * * *
Something hits you but does no damage. Something hits you!
You die...

*,####.#### *,,,,.....#***** #..
,*#.......# ****,,....# #.#
.<..##.##.# ***#...# #.#
.#####.##.#### #...# #.#
.............# #...# #.#
######.##.##.# ####...# ####..
#.##.##.# #(.....#####.....
*****#.##....# ##{##.....§...###.
,,,,*#.#######*#@§.########..#*#.
,,,,*#....#*,,,##(##,,,*#........
,,..,####.#,8,8,#§#,8,8,#........
,,....##..#,,_,,#.#,,_,,#......#.
,,,,#.....#,8,,,#§#,,,8,#...##.#.
**#...###.##,,,+#§#+,,,*#.####.##
###** #..#####...####*..* *..,
#........⌠........* *,..
#..#####..[#####,** *,**


There were no monsters in sight!

Vanquished Creatures
  Sigmund (D:2)
  Edmund (D:4)
  An ice beast (D:5)
  2 ogres
  A scorpion (D:5)
  2 jellies
  A bullfrog skeleton (D:4)
  3 worker ants (D:4)
  4 gnolls (D:2)
  5 adders
  An ooze (D:4)
  2 dart slugs (D:2)
  2 leopard geckos
  2 orcs (D:3)
  2 giant cockroaches (D:2)
  8 goblins
  10 hobgoblins
  5 jackals
  A quokka (D:3)
  8 bats
  5 frilled lizards
  8 kobolds
  A leopard gecko skeleton (D:4)
  A quokka skeleton (D:4)
  9 rats
86 creatures vanquished.

Notes
Turn   | Place    | Note
-------+----------+-------------------------------------------
     0 | D:1      | Kairos the Deep Dwarf Fighter began the quest for the Orb.
     0 | D:1      | Reached XP level 1. HP: 20/20 MP: 1/1
   365 | D:1      | Reached XP level 2. HP: 18/27 MP: 2/2
   945 | D:2      | Reached XP level 3. HP: 20/33 MP: 3/3
   977 | D:2      | Reached skill level 3 in Axes
   987 | D:2      | Reached XP level 4. HP: 17/42 MP: 4/4
  1360 | D:2      | Noticed Sigmund
  1380 | D:2      | Killed Sigmund
  1380 | D:2      | Reached skill level 4 in Axes
  1380 | D:2      | Reached XP level 5. HP: 42/49 MP: 4/4
  1729 | D:3      | Reached XP level 6. HP: 41/56 MP: 5/5
  1749 | D:3      | Found a radiant altar of Vehumet.
  1949 | D:3      | Reached skill level 5 in Shields
  2055 | D:3      | Found an ornate altar of the Wu Jian Council.
  2168 | D:4      | Reached skill level 5 in Axes
  2564 | D:4      | Reached skill level 5 in Armour
  2564 | D:4      | Reached XP level 7. HP: 36/62 MP: 6/6
  2692 | D:4      | Noticed Edmund
  2702 | D:4      | Reached skill level 1 in Dodging
  2710 | D:4      | Killed Edmund
  2710 | D:4      | Reached skill level 6 in Axes
  3112 | D:5      | Entered Level 5 of the Dungeon
  3279 | D:5      | HP: 3/63 [something (4)]
  3280 | D:5      | Slain by an unseen horror

Skill      XL: |  1  2  3  4  5  6  7 |
---------------+----------------------+-----
Fighting       | 3 |  3.6
Armour         | 4 5 |  5.2
Axes           | 3 4 5 6 |  6.8
Shields        | 4 5 |  5.8
Dodging        | 1 |  1.0
Stealth        | |  0.6

Action                   |  1- 3 |  4- 6 |  7- 9 || total
-------------------------+-------+-------+-------++-------
Melee: War axe           |    69 |   206 |    51 ||   326
Throw: Javelin           |       |       |     5 ||     5
       Tomahawk          |       |       |     5 ||     5
 Abil: Heal Wounds       |       |     1 |       ||     1
  Use: Scroll            |       |       |    10 ||    10
       Potion            |       |       |     2 ||     2
  Eat: Chunk             |       |     4 |     1 ||     5
       Ration            |       |       |     2 ||     2
Armor: Scale mail        |    39 |    49 |       ||    88
       Chain mail        |       |    32 |    46 ||    78
Dodge: Dodged            |    13 |    30 |     3 ||    46
Block: Shield            |    10 |       |       ||    10
       Large shield      |    54 |   168 |    39 ||   261
